 Dungeon Crawl Stone Soup version 0.17-a0-1430-g49fde19 (webtiles) character file.

3362 hexophile the Arsonist (level 10, -8/75 HPs)
             Began as a Naga Fire Elementalist on June 25, 2015.
             Was a Priest of Vehumet.
             Mangled by a death yak (24 damage)
             ... on level 8 of the Dungeon.
             The game lasted 01:04:48 (9084 turns).

hexophile the Arsonist (Naga Fire Elementalist)     Turns: 9084, Time: 01:04:49

Health: -8/75      AC:  7    Str: 12    XL:     10   Next: 3%
Magic:  2/22       EV: 14    Int: 18    God:    Vehumet [***...]
Gold:   363        SH:  0    Dex:  6    Spells: 7 memorised, 4 levels left

rFire  + . .     SeeInvis +     t - +4 scythe (vamp)
rCold  + . .     Clarity  .     D - +1 leather armour of Demons {rElec rF+ Dex-5}
rNeg   . . .     SustAt   .     (no shield)
rPois  +         Gourm    .     h - +0 helmet
rElec  +         Spirit   .     j - +0 cloak
rCorr  .         Warding  .     (no gloves)
rMut   .         Stasis   .     (no barding)
MR     +....                    (no amulet)
Stlth  ++........               z - ring of protection from cold
                                c - +5 ring of evasion

@: regenerating, very slow, somewhat resistant to hostile enchantments,
unstealthy
A: see invisible, deformed body, poison resistance, slowness 2, slow metabolism
1, spit poison 2, AC +3
a: Spit Poison, Renounce Religion


You were on level 8 of the Dungeon.
You worshipped Vehumet.
Vehumet was most pleased with you.
You were hungry.

You visited 1 branch of the dungeon, and saw 8 of its levels.

You collected 363 gold pieces.

Inventory:

Hand weapons
 e - a +1 dagger of speed
 t - a +4 vampiric scythe (weapon)
Missiles
 B - 9 poisoned needles
Armour
 a - a +1 robe
 h - a +0 helmet (worn)
 j - a +0 cloak (worn)
 D - the +1 leather armour of Demons (worn) {rElec rF+ Dex-5}
   (You found it on level 8 of the Dungeon)

   It affects your dexterity (-5).
   It protects you from fire.
   It insulates you from electricity.
 F - a +2 buckler
Jewellery
 c - a +5 ring of evasion (left hand)
 z - a ring of protection from cold (right hand)
Magical devices
 m - a wand of invisibility (6)
 q - a wand of random effects (20)
 s - a wand of enslavement (5)
 u - a wand of slowing (17)
 y - a wand of teleportation (5)
 E - a wand of draining (7)
Scrolls
 d - 4 scrolls of teleportation
 i - 6 scrolls of identify
 o - a scroll of fog
 x - a scroll of magic mapping
 C - a scroll of remove curse
Potions
 f - a potion of brilliance {unknown}
 k - a potion of mutation {unknown}
 n - a potion of ambrosia {unknown}
 p - 2 potions of invisibility
 w - 2 potions of might {unknown}
 I - a potion of degeneration {unknown}
Books
 b - a book of Flames

   Spells                             Type                      Level
   a - Flame Tongue                   Conjuration/Fire             1
   b - Throw Flame                    Conjuration/Fire             2
   c - Conjure Flame                  Conjuration/Fire             3
   d - Inner Flame                    Hexes/Fire                   3
   e - Sticky Flame                   Conjuration/Fire             4
   f - Fireball                       Conjuration/Fire             5
 g - a book of Callings

   Spells                             Type                      Level
   a - Summon Small Mammal            Summoning                    1
   b - Call Imp                       Summoning                    2
   c - Call Canine Familiar           Summoning                    3
   d - Summon Guardian Golem          Hexes/Summoning              3
   e - Summon Lightning Spire         Summoning/Air                4
   f - Summon Ice Beast               Ice/Summoning                4
 l - a book of Changes

   Spells                             Type                      Level
   a - Beastly Appendage              Transmutation                1
   b - Sticks to Snakes               Transmutation                2
   c - Spider Form                    Transmutation/Poison         3
   d - Ice Form                       Ice/Transmutation            4
   e - Blade Hands                    Transmutation                5
 r - a book of Battle

   Spells                             Type                      Level
   a - Infusion                       Charms                       1
   b - Shroud of Golubria             Charms/Translocation         2
   c - Song of Slaying                Charms                       2
   d - Spectral Weapon                Hexes/Charms                 3
   e - Regeneration                   Charms/Necromancy            3
 G - a book of Minor Magic

   Spells                             Type                      Level
   a - Magic Dart                     Conjuration                  1
   b - Blink                          Translocation                2
   c - Call Imp                       Summoning                    2
   d - Repel Missiles                 Charms/Air                   2
   e - Slow                           Hexes                        2
   f - Conjure Flame                  Conjuration/Fire             3
   g - Mephitic Cloud                 Conjuration/Poison/Air       3
Comestibles
 v - a beef jerky
 H - a slice of pizza


   Skills:
 - Level 1.5 Dodging
 - Level 3.0 Stealth
 * Level 8.2 Spellcasting
 - Level 4.4 Conjurations
 + Level 4.6 Charms
 - Level 8.4 Fire Magic
 + Level 3.1 Poison Magic
 + Level 2.2 Evocations


You had 4 spell levels left.
You knew the following spells:

 Your Spells              Type           Power        Failure   Level  Hunger
a - Flame Tongue          Conj/Fire      ####.        1%          1    None
b - Sticky Flame          Conj/Fire      ####....     3%          4    ###....
c - Conjure Flame         Conj/Fire      ####....     1%          3    #......
d - Fireball              Conj/Fire      ####......   9%          5    #####..
e - Regeneration          Chrm/Necr      ###.......   17%         3    #......
f - Searing Ray           Conj           ###...       1%          2    None
g - Mephitic Cloud        Conj/Pois/Air  ###.....     4%          3    #......


Dungeon Overview and Level Annotations

Branches:
Dungeon (8/15)             Temple (0/1) D:5
   Lair: D:8-11

Altars:
Elyvilon
Fedhas
Gozag
Kikubaaqudgha
Okawaru
Qazlal
Ru
Trog
Vehumet

Shops:
D:4 :

Annotations:
D:7 Joseph
D:8 3 exclusions, Maurice


Innate Abilities, Weirdness & Mutations

You cannot wear boots.
Your serpentine skin is tough (AC +3).
You have supernaturally acute eyesight.
Armour fits poorly on your strangely shaped body.
Your system is resistant to poisons.
You cover ground very slowly.
You have a slow metabolism.
You can spit poison.


Message History

You feel your power returning. The ufetubus hits you.
* * * LOW HITPOINT WARNING * * *
The ufetubus barely misses you. x2
The ufetubus misses you.
Casting: Sticky Flame
Confirm with . or Enter, or press ? or * to list all spells.
Your skin crawls.
You slash the death yak!
The death yak is lightly wounded.
The ufetubus barely misses you. The ufetubus misses you.
The death yak misses you. The ufetubus closely misses you.
The ufetubus completely misses you. The death yak gores you.
* * * LOW HITPOINT WARNING * * *
You slash the death yak!
You feel better.
The death yak is moderately wounded.
The ufetubus hits you.
* * * LOW HITPOINT WARNING * * *
The ufetubus misses you. x2
The ufetubus barely misses you. The death yak gores you!!
You die...

...≈..†.# #........#
#..≈...## #.......#
...≈..## ##...8...#
..≈...# #........#
..≈...## #........#
#......## #........#
#.......## #.##..####
#........########).....##
#.............)(@........
...............Y5.........
......................#...
....................### .
...................##
..................##
................##
..............##


You could see a death yak and an ufetubus.

Vanquished Creatures
  The ghost of B1inky the Slasher, an average OpFi (D:4)
  Sigmund (D:2)
  A hungry ghost (D:8)
  An orc warrior (D:8)
  A sky beast (D:8)
  A phantom (D:7)
  4 centaurs
  5 ice beasts
  3 ogres
  A giant frog (D:8)
  7 big kobolds (D:4)
  3 scorpions
  3 wights (D:8)
  3 crimson imps
  A jelly (D:8)
  3 orc priests
  A centaur zombie (D:7)
  3 orc wizards (D:6)
  A hound (D:5)
  4 worker ants
  Natasha (twice) (D:2)
  A centaur simulacrum (D:8)
  A hound skeleton (D:4)
  A worker ant zombie (D:8)
  7 adders
  3 white imps (D:8)
  A shadow imp (D:6)
  An ufetubus (D:8)
  3 oozes
  8 worms
  2 giant geckos
  18 orcs
  A ball python (D:6)
  10 bats
  2 bat skeletons
  A bat zombie (D:8)
  9 giant cockroaches
  13 goblins
  15 hobgoblins
  9 jackals
  39 kobolds
  A quokka (D:2)
  4 giant newts
  A quokka skeleton (D:6)
  9 rats
210 creatures vanquished.

Notes
Turn   | Place    | Note
--------------------------------------------------------------
     0 | D:1      | hexophile the Naga Fire Elementalist began the quest for the Orb.
     0 | D:1      | Reached XP level 1. HP: 15/15 MP: 3/3
   225 | D:1      | Reached XP level 2. HP: 11/22 MP: 0/5
  1102 | D:1      | Reached XP level 3. HP: 28/28 MP: 4/6
  1450 | D:2      | Found a blossoming altar of Fedhas.
  1579 | D:2      | Reached XP level 4. HP: 36/36 MP: 6/8
  1608 | D:2      | Learned a level 4 spell: Sticky Flame
  1811 | D:2      | Noticed Sigmund
  1819 | D:2      | HP: 1/36 [Sigmund/vampiric scythe (10)]
  1826 | D:2      | Killed Sigmund
  1826 | D:2      | Reached skill level 4 in Fire Magic
  1826 | D:2      | Reached XP level 5. HP: 2/42 MP: 3/10
  2060 | D:2      | Noticed Natasha
  2132 | D:2      | Found a faded altar to an unknown god.
  2147 | D:2      | Killed Natasha
  2147 | D:2      | Reached XP level 6. HP: 38/49 MP: 1/11
  2322 | D:2      | Found a sacrificial altar of Ru.
  2409 | D:2      | Learned a level 3 spell: Conjure Flame
  2429 | D:2      | Noticed Natasha
  2441 | D:2      | Killed Natasha
  3029 | D:3      | Found an iron altar of Okawaru.
  3132 | D:3      | Reached skill level 5 in Fire Magic
  3394 | D:4      | Reached XP level 7. HP: 23/55 MP: 12/12
  3574 | D:3      | Found a sacrificial altar of Ru.
  3574 | D:3      | Found a radiant altar of Vehumet.
  3578 | D:3      | Became a worshipper of Vehumet
  3787 | D:4      | Found a stormy altar of Qazlal.
  3797 | D:4      | Found Pirecul's Book Emporium.
  3863 | D:5      | Entered Level 5 of the Dungeon
  4515 | D:4      | Acquired Vehumet's first power
  4515 | D:4      | Offered knowledge of Freeze by Vehumet.
  4637 | D:4      | Reached skill level 5 in Spellcasting
  4637 | D:4      | Reached skill level 6 in Fire Magic
  4646 | D:4      | Learned a level 5 spell: Fireball
  4650 | D:4      | Learned a level 3 spell: Regeneration
  4690 | D:4      | Reached XP level 8. HP: 29/62 MP: 15/15
  4761 | D:4      | Reached skill level 1 in Charms
  4970 | D:4      | Noticed B1inky's ghost (average OpFi)
  4980 | D:4      | Killed B1inky's ghost
  5476 | D:5      | Found a staircase to the Ecumenical Temple.
  5494 | D:5      | Reached skill level 7 in Fire Magic
  5556 | D:5      | Found an ancient bone altar of Kikubaaqudgha.
  5774 | D:5      | Found a bloodstained altar of Trog.
  5774 | D:5      | Found an iron altar of Okawaru.
  5853 | D:5      | Offered knowledge of Searing Ray by Vehumet.
  5857 | D:5      | Learned a level 2 spell: Searing Ray
  5890 | D:5      | Found an opulent altar of Gozag.
  6157 | D:5      | Reached XP level 9. HP: 68/68 MP: 13/18
  6296 | D:6      | Found a white marble altar of Elyvilon.
  6676 | D:6      | Reached skill level 8 in Fire Magic
  6901 | D:6      | Offered knowledge of Ignite Poison by Vehumet.
  7551 | D:7      | Noticed Joseph
  7557 | D:7      | Paralysed by Joseph for 3 turns
  7793 | D:6      | Acquired Vehumet's second power
  7958 | D:7      | Learned a level 3 spell: Mephitic Cloud
  8148 | D:8      | Noticed Maurice
  8501 | D:8      | Reached skill level 1 in Poison Magic
  8512 | D:8      | Got a faintly humming leather armour
  8526 | D:8      | Reached skill level 1 in Evocations
  8527 | D:8      | Identified the +1 leather armour of Demons {rElec rF+ Dex-5} (You found it on level 8 of the Dungeon)
  8990 | D:8      | Offered knowledge of Iskenderun's Mystic Blast by Vehumet.
  9073 | D:8      | Reached XP level 10. HP: 27/75 MP: 9/22
  9079 | D:8      | Noticed a death yak
  9084 | D:8      | Mangled by a death yak

Vault maps used:
D:1:      onia_arrival_mini_maze, serial_bayou, serial_bayou_pond_e,
          serial_bayou_pond_c, serial_bayou_lagoon_a, serial_bayou_shore_b,
          serial_bayou_pond_d, st_stairs_3
D:2:      lemuel_doored_altar, ecumenical_altar_2, nicolae_ru_path_of_blood,
          uniq_natasha, uniq_sigmund
D:3:      gammafunk_temple_overflow_wave, okawaru_trees_2
D:4:      minmay_goblin_kobold_castle, grunt_qazlal_clouds, serial_shops,
          nicolae_shop_stone, first_bread, uniq_menkaure
D:5:      kiku_gazebo_pond_becter, grunt_temple_overflow_bloody_war,
          minmay_temple_entry_from_below_a, basic_altar
D:6:      elyvilon_altar_5
D:7:      nicolae_gozag_seed_capital, grunt_ogre_cave, uniq_joseph,
          uniq_prince_ribbit1
D:8:      lemuel_crystal_altar, kennysheep_little_box, serial_ice, serial_ice_m,
          serial_ice_g, serial_ice_c, serial_ice_k, serial_ice_f, serial_ice_d,
          serial_ice_h, basic_altar, kennysheep_pointless_box, uniq_maurice,
          uniq_pikel

Action                   |  1- 3 |  4- 6 |  7- 9 | 10-12 || total
-------------------------+-------+-------+-------+-------++-------
Melee: Unarmed           |     4 |       |       |       ||     4
       Dagger            |     1 |       |       |       ||     1
       Scythe            |       |    97 |   267 |     5 ||   369
 Cast: Flame Tongue      |    46 |    40 |    72 |       ||   158
       Sticky Flame      |       |     1 |    25 |     1 ||    27
       Conjure Flame     |       |     3 |    10 |       ||    13
       Searing Ray       |       |       |    18 |       ||    18
       Fireball          |       |       |    11 |     1 ||    12
       Regeneration      |       |       |     8 |     1 ||     9
       Mephitic Cloud    |       |       |     3 |       ||     3
 Abil: Spit Poison       |    11 |     6 |    10 |       ||    27
Evoke: Wand              |       |     1 |       |       ||     1
  Use: Scroll            |       |     6 |    13 |       ||    19
       Potion            |       |     6 |     1 |       ||     7
 Stab: Sleeping          |       |     1 |     5 |       ||     6
       Distracted        |       |       |     1 |       ||     1
  Eat: Chunk             |     2 |     6 |    12 |       ||    20
       Bread ration      |       |     1 |     1 |       ||     2
       Beef jerky        |       |       |     2 |       ||     2
       Fruit             |       |       |     2 |       ||     2
       Meat ration       |       |       |     1 |       ||     1
